| TOP OF THE 1ST |
|
Kansas City Royals batting - Pitching for Milwaukee Brewers : LHP Tom Underwood
|
|
Pitching: LHP Tom Underwood
|
|
|
Batting: RHB Rickey Henderson
|
0-0: Ball 1-0: Foul Ball, location: 2F 1-1: Foul Ball, location: 2F 1-2: Reached on error, E5 (Groundball, 5, EV 87.5 MPH)
|
|
Batting: LHB Gene Richards
|
0-0: Foul Ball, location: 2F 0-1: Ball Rickey Henderson steals 2nd base 1-1: Foul Ball, location: 2F 1-2: Ball 2-2: Foul Ball, location: 2F 2-2: SINGLE (Groundball, 6D, EV 99.4 MPH) Rickey Henderson to third Runner from 3rd tries for Home, SAFE, throw by CF to home
|
|
Batting: RHB Jeffrey Leonard
|
0-0: Ball 1-0: Called Strike 1-1: Ball 2-1: Fly out, F8 (Flyball, 8RXD, EV 101.3 MPH)
|
|
Batting: RHB Charlie O'Brien
|
0-0: Swinging Strike 0-1: Ball 1-1: Foul Ball, location: 2F 1-2: Ball 2-2: Foul Ball, location: 2F 2-2: Foul Ball, location: 2F 2-2: Fly out, F8 (Flyball, 8LD, EV 101.3 MPH)
|
|
Batting: RHB Gary Carter
|
0-0: Called Strike 0-1: Called Strike Gene Richards is caught stealing 2nd base 2-4
|
| Top of the 1st over - 1 run, 1 hit, 1 error, 0 left on base; Kansas City 1 - Milwaukee 0 |
| BOTTOM OF THE 1ST |
|
Milwaukee Brewers batting - Pitching for Kansas City Royals : RHP Donald Moore
|
|
Pitching: RHP Donald Moore
|
|
|
Batting: RHB Steve Sax
|
0-0: Hit by Pitch
|
|
Batting: LHB Von Hayes
|
0-0: Foul Ball, location: 2F 0-1: Ball 1-1: Foul Ball, location: 2F 1-2: Ball 2-2: Strikes out swinging
|
|
Batting: RHB Eric Davis
|
0-0: Ball 1-0: Called Strike 1-1: Swinging Strike 1-2: Strikes out swinging Steve Sax steals 2nd base Batter strikes out.
|
|
Batting: SHB Eddie Murray
|
0-0: Called Strike 0-1: Ball 1-1: Ball 2-1: Ball 3-1: Base on Balls
|
|
Batting: LHB Al Oliver
|
0-0: Ground out 6-3 (Groundball, 4M, EV 105.6 MPH)
|
| Bottom of the 1st over - 0 runs, 0 hits, 0 errors, 2 left on base; Kansas City 1 - Milwaukee 0 |
| TOP OF THE 2ND |
|
Kansas City Royals batting - Pitching for Milwaukee Brewers : LHP Tom Underwood
|
|
Batting: RHB Gary Carter
|
0-0: SINGLE (Groundball, 6MD, EV 96.3 MPH)
|
|
Batting: RHB Alberto Gonzalez
|
0-0: Ball 1-0: Ball 2-0: Swinging Strike 2-1: Fielders Choice at 2nd, 5-4 (Groundball, 56S, EV 79.4 MPH)
|
|
Batting: RHB Bob Horner
|
0-0: Ball 1-0: Foul Ball, location: 2F 1-1: Ball 2-1: SINGLE (Line Drive, 8LS, EV 91.9 MPH) Alberto Gonzalez to second Runner from 2nd tries for 3rd, SAFE, no throw by CF
|
|
Batting: LHB Alvin Davis
|
0-0: Called Strike 0-1: Ball 1-1: Foul Ball, location: 2F 1-2: SINGLE (Groundball, 56D, EV 93.8 MPH) Alberto Gonzalez scores Bob Horner to second
|
|
Batting: LHB Rick Manning
|
0-0: Fly out, F6 (Flyball, 6D, EV 88.8 MPH)
|
|
Batting: RHB Rickey Henderson
|
0-0: Foul Ball, location: 2F 0-1: Fly out, F9 (Flyball, 9LS, EV 87.5 MPH)
|
| Top of the 2nd over - 1 run, 3 hits, 0 errors, 2 left on base; Kansas City 2 - Milwaukee 0 |
| BOTTOM OF THE 2ND |
|
Milwaukee Brewers batting - Pitching for Kansas City Royals : RHP Donald Moore
|
|
Batting: RHB Thurman Munson
|
0-0: Called Strike 0-1: Called Strike 0-2: Fly out, F9 (Flyball, 9, EV 86.9 MPH)
|
|
Batting: RHB Glenn Davis
|
0-0: Ball 1-0: Swinging Strike 1-1: Ball 2-1: Ball 3-1: Base on Balls
|
|
Batting: RHB Ken Landreaux
|
0-0: Called Strike 0-1: SINGLE (Line Drive, 7LM, EV 105.6 MPH) Glenn Davis to second
|
|
Batting: SHB Alfredo Griffin
|
0-0: Foul Ball, location: 2F 0-1: Foul Ball, location: 2F 0-2: Fielders Choice at 2nd, 6-4 (Groundball, 6S, EV 85.6 MPH) Glenn Davis to third
|
|
Batting: RHB Steve Sax
|
0-0: Ball 1-0: Fly out, F5 (Popup, 25F, EV 78.8 MPH)
|
| Bottom of the 2nd over - 0 runs, 1 hit, 0 errors, 2 left on base; Kansas City 2 - Milwaukee 0 |
| TOP OF THE 3RD |
|
Kansas City Royals batting - Pitching for Milwaukee Brewers : LHP Tom Underwood
|
|
Batting: LHB Gene Richards
|
0-0: Called Strike 0-1: Foul Ball, location: 2F 0-2: Ball 1-2: Fly out, F7 (Flyball, 7LD, EV 98.8 MPH)
|
|
Batting: RHB Jeffrey Leonard
|
0-0: Foul Ball, location: 2F 0-1: Reached on error, E6 (Groundball, 6, EV 81.3 MPH)
|
|
Batting: RHB Charlie O'Brien
|
0-0: Swinging Strike 0-1: DOUBLE (Line Drive, 3D, EV 100.0 MPH) Jeffrey Leonard scores
|
|
Batting: RHB Gary Carter
|
0-0: Ground out 5-3 (Groundball, 56, EV 103.1 MPH)
|
|
Batting: RHB Alberto Gonzalez
|
0-0: Ball 1-0: Swinging Strike 1-1: Ball 2-1: Ball 3-1: Ground out 1-3 (Groundball, P, EV 65.6 MPH)
|
| Top of the 3rd over - 1 run, 1 hit, 1 error, 1 left on base; Kansas City 3 - Milwaukee 0 |
| BOTTOM OF THE 3RD |
|
Milwaukee Brewers batting - Pitching for Kansas City Royals : RHP Donald Moore
|
|
Batting: LHB Von Hayes
|
0-0: Fly out, F8 (Flyball, 8RD, EV 105.6 MPH)
|
|
Batting: RHB Eric Davis
|
0-0: Ball 1-0: Fly out, F9 (Flyball, 9LM, EV 85.6 MPH)
|
|
Batting: SHB Eddie Murray
|
0-0: Foul Ball, location: 2F 0-1: Called Strike 0-2: Ball 1-2: Hit by Pitch
|
|
Batting: LHB Al Oliver
|
0-0: Ball 1-0: Ground out 4-3 (Groundball, 4, EV 103.8 MPH)
|
| Bottom of the 3rd over - 0 runs, 0 hits, 0 errors, 1 left on base; Kansas City 3 - Milwaukee 0 |
| TOP OF THE 4TH |
|
Kansas City Royals batting - Pitching for Milwaukee Brewers : LHP Tom Underwood
|
|
Batting: RHB Bob Horner
|
0-0: Ball 1-0: Ball 2-0: Called Strike 2-1: Foul Ball, location: 2F 2-2: Ground out 5-3 (Groundball, 56, EV 100.6 MPH)
|
|
Batting: LHB Alvin Davis
|
0-0: Called Strike 0-1: Fly out, F8 (Line Drive, 8LM, EV 106.3 MPH)
|
|
Batting: LHB Rick Manning
|
0-0: Foul Ball, location: 2F 0-1: Called Strike 0-2: Ball 1-2: Foul Ball, location: 2F 1-2: SINGLE (Line Drive, 5D, EV 98.1 MPH)
|
|
Batting: RHB Rickey Henderson
|
0-0: Swinging Strike 0-1: Ball 1-1: Swinging Strike 1-2: Foul Ball, location: 2F 1-2: Ball 2-2: Ground out 6-3 (Groundball, 4M, EV 99.4 MPH)
|
| Top of the 4th over - 0 runs, 1 hit, 0 errors, 1 left on base; Kansas City 3 - Milwaukee 0 |
| BOTTOM OF THE 4TH |
|
Milwaukee Brewers batting - Pitching for Kansas City Royals : RHP Donald Moore
|
|
Batting: RHB Thurman Munson
|
0-0: Called Strike 0-1: Ball 1-1: Foul Ball, location: 2F 1-2: Foul Ball, location: 2F 1-2: Ball 2-2: Ball 3-2: Base on Balls
|
|
Batting: RHB Glenn Davis
|
0-0: Ball 1-0: Bunted foul 1-1: Ball 2-1: Bunted foul 2-2: Strikes out looking
|
|
Batting: RHB Ken Landreaux
|
0-0: Foul Ball, location: 2F 0-1: Fielders Choice at 2nd, 5-4 (Groundball, 56, EV 82.5 MPH)
|
|
Batting: SHB Alfredo Griffin
|
0-0: Called Strike Ken Landreaux steals 2nd base 0-1: Fly out, F7 (Flyball, 78D, EV 108.1 MPH)
|
| Bottom of the 4th over - 0 runs, 0 hits, 0 errors, 1 left on base; Kansas City 3 - Milwaukee 0 |
| TOP OF THE 5TH |
|
Kansas City Royals batting - Pitching for Milwaukee Brewers : LHP Tom Underwood
|
|
Batting: LHB Gene Richards
|
0-0: Called Strike 0-1: Ball 1-1: Foul Ball, location: 2F 1-2: SINGLE (Line Drive, 78M, EV 88.8 MPH)
|
|
Batting: RHB Jeffrey Leonard
|
0-0: Ground out 6-3 (Groundball, 6MS, EV 81.9 MPH) Gene Richards to second
|
|
Batting: RHB Charlie O'Brien
|
0-0: Ball 1-0: Ball 2-0: Ball 3-0: Base on Balls
|
|
Batting: RHB Gary Carter
|
0-0: Called Strike 0-1: Ball 1-1: Foul Ball, location: 2F 1-2: Foul Ball, location: 2F 1-2: Foul Ball, location: 2F 1-2: Fly out, F9 (Flyball, 9D, EV 96.9 MPH) Runner from 2nd tags up, SAFE at 3rd, no throw by RF
|
|
Batting: RHB Alberto Gonzalez
|
0-0: Ball 1-0: Foul Ball, location: 2F 1-1: Foul Ball, location: 2F 1-2: Foul Ball, location: 2F 1-2: Ball 2-2: Foul Ball, location: 2F 2-2: Strikes out swinging
|
| Top of the 5th over - 0 runs, 1 hit, 0 errors, 2 left on base; Kansas City 3 - Milwaukee 0 |
| BOTTOM OF THE 5TH |
|
Milwaukee Brewers batting - Pitching for Kansas City Royals : RHP Donald Moore
|
|
Batting: RHB Steve Sax
|
0-0: Called Strike 0-1: Swinging Strike 0-2: Ball 1-2: Strikes out looking
|
|
Batting: LHB Von Hayes
|
0-0: Foul Ball, location: 2F 0-1: Ball 1-1: DOUBLE (Line Drive, 9LM, EV 111.9 MPH)
|
|
Batting: RHB Eric Davis
|
0-0: Ground out 6-3 (Groundball, 56, EV 83.8 MPH)
|
|
Batting: SHB Eddie Murray
|
0-0: Called Strike 0-1: Ball 1-1: Called Strike 1-2: Ball 2-2: Foul Ball, location: 2F 2-2: Fly out, F6 (Flyball, 6D, EV 75.6 MPH)
|
| Bottom of the 5th over - 0 runs, 1 hit, 0 errors, 1 left on base; Kansas City 3 - Milwaukee 0 |
| TOP OF THE 6TH |
|
Kansas City Royals batting - Pitching for Milwaukee Brewers : LHP Tom Underwood
|
|
Batting: RHB Bob Horner
|
0-0: Swinging Strike 0-1: Swinging Strike 0-2: Strikes out swinging
|
|
Batting: LHB Alvin Davis
|
0-0: Ball 1-0: Swinging Strike 1-1: Fly out, F8 (Flyball, 89D, EV 97.5 MPH)
|
|
Batting: LHB Rick Manning
|
0-0: Ball 1-0: TRIPLE (Groundball, 3L, EV 105.6 MPH)
|
|
Batting: RHB Rickey Henderson
|
0-0: Foul Ball, location: 2F 0-1: Ball 1-1: Ground out 6-3 (Groundball, 6, EV 80.0 MPH)
|
| Top of the 6th over - 0 runs, 1 hit, 0 errors, 1 left on base; Kansas City 3 - Milwaukee 0 |
| BOTTOM OF THE 6TH |
|
Milwaukee Brewers batting - Pitching for Kansas City Royals : RHP Donald Moore
|
|
Batting: LHB Al Oliver
|
0-0: Ball 1-0: Ball 2-0: Called Strike 2-1: Foul Ball, location: 2F 2-2: SOLO HOME RUN (Flyball, 9LD, EV 109.4 MPH), Distance : 347 ft
|
|
Batting: RHB Thurman Munson
|
0-0: Fly out, F8 (Line Drive, 8LM, EV 89.4 MPH)
|
|
Batting: RHB Glenn Davis
|
0-0: Swinging Strike 0-1: Swinging Strike 0-2: Strikes out looking
|
|
Batting: RHB Ken Landreaux
|
0-0: Ball 1-0: Foul Ball, location: 2F 1-1: Ball 2-1: Fly out, F8 (Flyball, 8LS, EV 91.9 MPH)
|
| Bottom of the 6th over - 1 run, 1 hit, 0 errors, 0 left on base; Kansas City 3 - Milwaukee 1 |
| TOP OF THE 7TH |
|
Kansas City Royals batting - Pitching for Milwaukee Brewers : LHP Tom Underwood
|
|
Batting: LHB Gene Richards
|
0-0: Called Strike 0-1: Ball 1-1: Foul Ball, location: 2F 1-2: Ball 2-2: Foul Ball, location: 2F 2-2: Strikes out swinging
|
|
Batting: RHB Jeffrey Leonard
|
0-0: Ball 1-0: Ball 2-0: Called Strike 2-1: SINGLE (Groundball, 4S, EV 68.8 MPH) (infield hit)
|
|
Batting: RHB Charlie O'Brien
|
0-0: Called Strike 0-1: Ball Wild Pitch! Jeffrey Leonard to second 1-1: Ball 2-1: 2-RUN HOME RUN (Flyball, 7D, EV 96.9 MPH), Distance : 375 ft
|
|
Pitching: RHP Jim M Lewis
|
|
|
Batting: RHB Gary Carter
|
0-0: Ball 1-0: Ball 2-0: Called Strike 2-1: Swinging Strike 2-2: Foul Ball, location: 2F 2-2: Foul Ball, location: 2F 2-2: Foul Ball, location: 2F 2-2: Strikes out swinging
|
|
Batting: RHB Alberto Gonzalez
|
0-0: Ball 1-0: Foul Ball, location: 2F 1-1: Ball 2-1: Fly out, F8 (Flyball, 8RS, EV 71.9 MPH)
|
| Top of the 7th over - 2 runs, 2 hits, 0 errors, 0 left on base; Kansas City 5 - Milwaukee 1 |
| BOTTOM OF THE 7TH |
|
Milwaukee Brewers batting - Pitching for Kansas City Royals : RHP Donald Moore
|
|
Batting: SHB Alfredo Griffin
|
0-0: Called Strike 0-1: Called Strike 0-2: Foul Ball, location: 2F 0-2: Ball 1-2: Foul Ball, location: 2F 1-2: Ball 2-2: Ball 3-2: Foul Ball, location: 2F 3-2: DOUBLE (Groundball, 3L, EV 97.5 MPH)
|
|
Batting: RHB Steve Sax
|
0-0: Fly out, F6 (Popup, 6M, EV 60.6 MPH)
|
|
Batting: LHB Von Hayes
|
0-0: Ball Alfredo Griffin steals 3rd base 1-0: Foul Ball, location: 2F 1-1: Called Strike 1-2: Strikes out looking
|
|
Batting: RHB Eric Davis
|
0-0: Ball 1-0: Foul Ball, location: 2F 1-1: Foul Ball, location: 2F 1-2: Fly out, F9 (Flyball, 9LM, EV 89.4 MPH)
|
| Bottom of the 7th over - 0 runs, 1 hit, 0 errors, 1 left on base; Kansas City 5 - Milwaukee 1 |
| TOP OF THE 8TH |
|
Kansas City Royals batting - Pitching for Milwaukee Brewers : RHP Jim M Lewis
|
|
Batting: RHB Bob Horner
|
0-0: Reached on error, E5 (Groundball, 5S, EV 70.0 MPH)
|
|
Batting: LHB Alvin Davis
|
0-0: Swinging Strike 0-1: Ball 1-1: Foul Ball, location: 2F 1-2: Foul Ball, location: 2F 1-2: Ball 2-2: Foul Ball, location: 2F 2-2: SINGLE (Line Drive, 9LS, EV 85.6 MPH) Bob Horner to third
|
|
Batting: LHB Rick Manning
|
0-0: Ball 1-0: Called Strike 1-1: Ball 2-1: Foul Ball, location: 2F 2-2: Foul Ball, location: 2F 2-2: Fly out, F6 (Line Drive, 6, EV 69.4 MPH)
|
|
Batting: RHB Rickey Henderson
|
0-0: Ball 1-0: Ball 2-0: Ball 3-0: Called Strike 3-1: Base on Balls Alvin Davis to second
|
|
Batting: LHB Gene Richards
|
0-0: Called Strike 0-1: Fly out, F8 (Line Drive, 8LM, EV 95.6 MPH) Runner from 3rd tags up, SCORES, no throw by CF
|
|
Batting: RHB Jeffrey Leonard
|
0-0: Ball 1-0: 3-RUN HOME RUN (Flyball, 78XD, EV 93.1 MPH), Distance : 418 ft
|
|
Batting: RHB Charlie O'Brien
|
0-0: Ball 1-0: Called Strike 1-1: Called Strike 1-2: Ball 2-2: Ball 3-2: SOLO HOME RUN (Flyball, 78XD, EV 95.6 MPH), Distance : 393 ft
|
|
Pitching: RHP Andy Messersmith
|
|
|
Pinch Hitting: LHB Brad Mills
|
0-0: Called Strike 0-1: Ground out U3 (Groundball, 3, EV 83.1 MPH)
|
| Top of the 8th over - 5 runs, 3 hits, 1 error, 0 left on base; Kansas City 10 - Milwaukee 1 |
| BOTTOM OF THE 8TH |
|
Milwaukee Brewers batting - Pitching for Kansas City Royals : RHP Donald Moore
|
|
Now at 1B: Brad Mills
|
|
|
Pinch Hitting: RHB Brian J Giles
|
0-0: Ball 1-0: Ball 2-0: Called Strike 2-1: SINGLE (Line Drive, 8LS, EV 94.4 MPH)
|
|
Batting: LHB Al Oliver
|
0-0: Called Strike 0-1: Foul Ball, location: 2F 0-2: Fly out, F8 (Line Drive, 8LM, EV 90.6 MPH)
|
|
Batting: RHB Thurman Munson
|
0-0: Ball 1-0: Swinging Strike 1-1: Swinging Strike 1-2: Hit by Pitch Brian J Giles to second
|
|
Batting: RHB Glenn Davis
|
0-0: Ball 1-0: Ball 2-0: Called Strike 2-1: Fly out, F6 (Line Drive, 6, EV 63.1 MPH)
|
|
Pitching: LHP Frank Viola
|
|
|
Batting: RHB Ken Landreaux
|
0-0: Called Strike 0-1: Ground out 3-1 (Groundball, 34S, EV 86.3 MPH)
|
| Bottom of the 8th over - 0 runs, 1 hit, 0 errors, 2 left on base; Kansas City 10 - Milwaukee 1 |
| TOP OF THE 9TH |
|
Kansas City Royals batting - Pitching for Milwaukee Brewers : RHP Andy Messersmith
|
|
Now at 3B: Brian J Giles
|
|
|
Batting: RHB Alberto Gonzalez
|
0-0: Swinging Strike 0-1: Ball 1-1: Ball 2-1: Swinging Strike 2-2: Strikes out swinging
|
|
Batting: RHB Bob Horner
|
0-0: Swinging Strike 0-1: Called Strike 0-2: Ball 1-2: Ball 2-2: Foul Ball, location: 2F 2-2: Strikes out looking
|
|
Batting: LHB Alvin Davis
|
0-0: Ball 1-0: Foul Ball, location: 2F 1-1: Ball 2-1: Ball 3-1: Foul Ball, location: 2F 3-2: Ground out 4-3 (Groundball, 4M, EV 87.5 MPH)
|
| Top of the 9th over - 0 runs, 0 hits, 0 errors, 0 left on base; Kansas City 10 - Milwaukee 1 |
| BOTTOM OF THE 9TH |
|
Milwaukee Brewers batting - Pitching for Kansas City Royals : LHP Frank Viola
|
|
|